 Dungeon Crawl Stone Soup version 0.29.1-15-g9cfb28693d (webtiles) character file.

Game seed: 10165923352652457151

58 MisterKurot the Ruffian (level 3, 35/35 HPs)
             Began as a Troll Gladiator on Apr 12, 2023.
             Was a Follower of Wu Jian.
             Quit the game on level 2 of the Dungeon.
             The game lasted 00:04:21 (1185 turns).

MisterKurot the Ruffian (Troll Gladiator)           Turns: 1185, Time: 00:04:22

Health: 35/35      AC:  4    Str: 22    XL:     3   Next: 76%
Magic:  2/2        EV: 10    Int:  6    God:    Wu Jian [*.....]
Gold:   79         SH:  0    Dex: 11    Spells: 2/2 levels left

rFire   . . .      SeeInvis .     - Unarmed
rCold   . . .      Faith    .   (no shield)
rNeg    . . .      Spirit   .   a - +0 robe
rPois   .          Reflect  .   b - +0 hat
rElec   .          Harm     .   (no cloak)
rCorr   .          Rampage  .   (gloves unavailable)
Will    .....                   (boots unavailable)
Stlth   +.........              (no amulet)
HPRegen 0.91/turn               (no ring)
MPRegen 0.08/turn               (no ring)

@: no status effects
A: large, unfitting armour, claws 3, regeneration 1, shaggy fur 1, tough skin 1
a: Renounce Religion


You were on level 2 of the Dungeon.
You worshipped Wu Jian.
Wu Jian was aware of your devotion.
You visited 1 branch of the dungeon, and saw 2 of its levels.

You collected 79 gold pieces.

Inventory:

Hand Weapons
 s - a +4 hand axe
Missiles
 c - 3 throwing nets (quivered)
 d - a large rock
Armour
 a - a +0 robe (worn)
 b - a +0 hat (worn)
Scrolls
 e - a scroll of fear
 g - 2 scrolls of noise
 h - a scroll of teleportation
 j - a scroll of enchant armour
 o - 3 scrolls of blinking {unknown}
 q - a scroll of amnesia {unknown}
 r - a scroll of immolation {unknown}
Potions
 f - a potion of attraction {unknown}
 i - a potion of magic {unknown}
 k - 2 potions of mutation {unknown}
 l - a potion of invisibility {unknown}
 m - a potion of haste {unknown}
 n - 2 potions of curing {unknown}
 p - a potion of lignification {unknown}


   Skills:
 * Level 1.6 Fighting
 * Level 1.9 Throwing
 * Level 0.7 Armour
 * Level 2.8 Dodging
 * Level 0.3 Stealth
 * Level 3.7 Unarmed Combat
 * Level 0.1 Spellcasting


You had 2 spell levels left.
You didn't know any spells.
Your spell library was empty.

Dungeon Overview and Level Annotations

Branches:
Dungeon (2/15)

Altars:
Wu Jian


Innate Abilities, Weirdness & Mutations

You are too large for most types of armour.
You have claws for hands.
Your natural rate of healing is unusually fast.
You are covered in fur. (AC +1)
You have tough skin. (AC +1)


Message History

The frilled lizard bites you but does no damage.
You closely miss the frilled lizard. You scratch the frilled lizard.
You kill the frilled lizard!
The Council accepts your kill.
A hobgoblin comes into view.
The kobold throws a stone.
The stone completely misses you.
You lunge at the kobold.
You scratch the kobold.
The kobold is moderately wounded.
The endoplasm barely misses you. The kobold hits you but does no damage.
You scratch the kobold but do no damage.
The kobold is moderately wounded.
The endoplasm barely misses you. The kobold hits you but does no damage.
You barely miss the kobold. You claw the kobold.
You kill the kobold!
The Council accepts your kill. The endoplasm freezes you.
You are frozen.
You spin and attack the endoplasm.
You claw the endoplasm!
You kill the endoplasm!
The Council accepts your kill. The hobgoblin closely misses you.
You see here 8 gold pieces.
You spin and attack the hobgoblin.
You scratch the hobgoblin but do no damage.
The hobgoblin hits you but does no damage.
You claw the hobgoblin!
You kill the hobgoblin!
The Council accepts your kill.
You see here a hobgoblin corpse.
You now have 79 gold pieces (gained 8).
Things that are here:
a +0 whip; 4 stones; a kobold corpse You see here a hobgoblin corpse.
You see here a +0 spear.
You see here a +0 short sword.
You see here a +0 robe.
Found a helmet.
You see here a +0 helmet.
Are you sure you want to abandon this character and quit the game? (Confirm with "yes".)

#########........................
..............############.#.####
############..# #.#.# ##
..............# #.#.###.
#......#####.##### #.#.##..
.......# #.....# #.#.#...
...[...# #####.# #.#.....
...###.### #.# #.#..#..
#..#.....# #@# #.#..#..
#..#.....# #.# #.#..#..
#..#.....# #.# #.#.....
#..#..[..# #.# #.#.###.
#.)###.### #.# #.#.# #. #..# #.#
#.# ####.#.# #. #..# #.# #.#
#....#.###. #..# #.# #.#
#.#.......# #..# #.# #.#
#.#.......#


There were no monsters in sight!

Vanquished Creatures
  2 adders (D:2)
  A dart slug (D:1)
  2 ball pythons
  5 endoplasms
  2 giant cockroaches
  4 hobgoblins
  2 jackals (D:2)
  6 kobolds
  A quokka (D:1)
  4 bats
  4 frilled lizards
  A goblin (D:2)
  4 rats
38 creatures vanquished.

Notes
Turn   | Place    | Note
-------+----------+-------------------------------------------
     0 | D:1      | MisterKurot the Troll Gladiator began the quest for the
                  | Orb.
     0 | D:1      | Reached XP level 1. HP: 19/19 MP: 0/0
    94 | D:1      | Reached XP level 2. HP: 26/27 MP: 1/1
   309 | D:1      | Found a faded altar of an unknown god.
   322 | D:1      | Prayed at the altar of an unknown god.
   322 | D:1      | Became a worshipper of the Wu Jian Council
   322 | D:1      | Reached * piety under Wu Jian
   644 | D:2      | Reached XP level 3. HP: 24/33 MP: 2/2
  1185 | D:2      | Quit the game

Illustrated notes

Levels and vault maps discovered:
D:1:      lemuel_arrival_broad_hall, layout_rooms, ebering_ecumenical_altar_mist
D:2:      layout_basic, minmay_tromino_i2

Action                   || total
-------------------------++-------
Melee: Unarmed           ||    87
       Punch             ||     1
Invok: Whirlwind         ||    14
       Lunge             ||     8
  Use: Scroll            ||     4
 Stab: Distracted        ||     1
Armor: Robe              ||    39
Dodge: Dodged            ||    47
